Map: Terraform LE (Void)

Players

GoldenBat

  • Race: Terran Terran
  • League: Silver

wabbajack - Winner!

  • Race: Zerg Zerg
  • League: Gold

VOD

Have the link to the VOD?

Description

Time

  • Played on: July 19, 2015, 6:50 p.m.
  • Length: 16:52
Show
View Real Time Build Order
Export as new Build Order

GoldenBat Terran 

Build Orders: Reaper Expand 

Get SALT Encoding   

  12  0:01  SCV  
  13  0:13  SCV  
  14  0:18  Supply Depot  
  14  0:25  SCV  
  15  0:32  Refinery  
  15  0:41  Barracks  
  15  0:45  SCV  
  16  0:57  SCV  
  16  1:02  Supply Depot  
  17  1:09  SCV  
  18  1:22  SCV  
  19  1:34  Reaper  
  19  1:35  Orbital Command  
  20  1:52  Command Center  
  20  2:02  SCV  
  20  2:06  Factory  
  21  2:15  SCV, Barracks Reactor  
  22  2:24  Refinery  
  22  2:27  SCV  
  23  2:46  SCV  
  24  2:53  Factory  
  24  2:58  SCV  
  25  3:06  Barracks Tech Lab  
  25  3:14  SCV  
  25  3:15  Widow Mine  
  25  3:17  Bunker  
  25  3:19  Supply Depot  
  28  3:20  Supply Depot  
  28  3:21  Supply Depot  
  28  3:22  Supply Depot  
  28  3:26  SCV  
  29  3:35  Orbital Command  
  29  3:44  SCV, Barracks  
  29  3:47  Supply Depot  
  30  3:58  Siege Tank  
  30  4:00  Widow Mine  
  30  4:01  SCV  
  30  4:02  Marine  
  37  4:07  SCV  
  38  4:13  SCV  
  38  4:20  Marine  
  27  4:30  Siege Tank  
  29  4:38  Marine  
  29  4:39  Widow Mine, Marine  
  24  4:56  Marine  
  24  4:57  Marine  
  26  5:07  SCV  
  26  5:13  Marine  
  28  5:30  SCV x2  
  30  5:42  SCV x2  
  32  5:54  SCV x2  
  34  5:59  Marine  
  34  6:00  Marine  
  36  6:06  SCV x2  
  38  6:15  Starport  
  38  6:18  SCV  
  39  6:27  Marine x2  
  39  6:28  SCV  
  39  6:30  SCV  
  39  6:31  Widow Mine  
  45  6:40  SCV  
  45  6:45  Marine  
  44  6:49  SCV  
  44  6:52  SCV  
  46  6:56  Medivac  
  46  6:58  Marine  
  49  7:01  SCV  
  49  7:03  Marine  
  49  7:04  SCV  
  49  7:08  Engineering Bay  
  52  7:21  SCV x2  
  54  7:25  Marine x2  
  54  7:28  Widow Mine x2  
  60  7:33  SCV  
  60  7:34  SCV  
  60  7:37  Widow Mine  
  62  7:38  Medivac  
  62  7:43  Marine x2  
  68  7:45  SCV  
  68  7:46  SCV  
  70  7:56  Widow Mine  
  70  7:58  SCV x2  
  74  7:59  Supply Depot  
  74  8:01  Marine x2  
  76  8:06  Widow Mine x2  
  76  8:10  SCV x2  
  82  8:19  Marine x2  
  84  8:22  SCV x2, Supply Depot  
  84  8:23  Supply Depot  
  86  8:34  Command Center  
  86  8:36  Marine  
  86  8:37  Marine  
  88  8:53  Widow Mine x2  
  88  8:54  Marine, Medivac  
  88  8:55  Marine  
  96  9:02  Siege Tank  
  91  9:12  Marine  
  91  9:16  Marine  
  87  9:20  SCV x2  
  87  9:21  Widow Mine  
  87  9:24  Medivac  
  91  9:30  Marine  
  92  9:34  Marine  
  92  9:37  Siege Tank  
  92  9:38  Widow Mine  
  96  9:45  Supply Depot  
  96  9:48  Marine  
  96  9:49  Barracks  
  96  9:51  Supply Depot, Orbital Command  
  96  9:52  Marine  
  98  9:53  Engineering Bay, Barracks  
  98  9:54  Medivac  
  98  9:59  Widow Mine  
  92  10:01  SCV x2  
  92  10:06  Marine  
  95  10:07  Refinery  
  95  10:08  Refinery  
  95  10:09  Siege Tank  
  95  10:10  Marine  
  101  10:21  SCV x2  
  101  10:26  Supply Depot  
  98  10:50  Marine  
  98  10:51  Barracks Tech Lab  
  98  10:54  Barracks Tech Lab  
  98  10:56  Barracks Tech Lab  
  95  11:09  Siege Tank, Widow Mine  
  102  11:11  Marauder, Marine  
  105  11:24  Combat Shields, Stimpack  
  103  11:28  Barracks Tech Lab, Starport  
  103  11:33  Marauder  
  84  12:01  Marine x3  
  66  12:02  Marauder  
  66  12:07  Siege Tank  
  66  12:08  Medivac  
  54  12:19  Marauder, Marine x2  
  53  12:23  Marauder  
  55  12:36  Marine  
  56  12:37  Marine  
  56  12:38  Medivac  
  56  12:39  Siege Tank  
  56  12:40  Marine  
  63  12:44  Marauder  
  65  12:54  Marine  
  65  12:55  Marauder  
  65  12:57  Orbital Command  
  68  13:11  Siege Tank  
  71  13:13  Marine x3  
  74  13:20  Marine  
  74  13:21  Medivac  
  74  13:23  Supply Depot  
  74  13:24  Supply Depot, Bunker  
  77  13:30  Marine  
  78  13:45  Marauder x2, Siege Tank, Marine  
  78  13:47  Command Center  
  86  13:48  Marine  
  86  13:51  Concussive Shells  
  86  13:55  Starport Tech Lab  
  87  14:02  Marine  
  87  14:05  SCV x2  
  87  14:06  Marine x3  
  93  14:32  Marine  
  94  14:58  Banshee x2, Marauder x2, Marine x2  
  106  15:16  Marauder, Marine  
  106  15:19  Marine  
  108  15:23  Marauder  
  108  15:34  Marine  
  97  15:37  Marine  
  97  15:38  Marauder  
  89  15:44  Marine  
  75  15:52  Marine  
  75  15:55  Marine  
  69  15:58  Marine  
  69  16:02  Marine  
  51  16:09  Marine  
  46  16:13  Marauder  
  46  16:16  Marine  
  39  16:20  Marine  
  37  16:27  Marine  
Show
View Real Time Build Order
Export as new Build Order

wabbajack Zerg - Winner!

Build Orders: Pool First, Lurkers 

Get SALT Encoding   

  12  0:02  Drone  
  13  0:18  Overlord  
  13  0:20  Drone  
  14  0:37  Drone x2  
  14  0:42  Drone  
  17  0:48  Extractor  
  16  0:51  Drone  
  16  0:52  Spawning Pool  
  16  1:02  Drone  
  17  1:19  Drone  
  17  1:23  Drone  
  19  1:29  Hatchery  
  18  1:34  Overlord  
  18  1:45  Queen  
  20  1:49  Extractor  
  19  1:55  Metabolic Boost  
  19  1:59  Drone  
  20  2:02  Drone  
  21  2:16  Drone  
  21  2:21  Baneling Nest  
  21  2:25  Drone  
  22  2:38  Pneumatized Carapace  
  22  2:39  Zergling x4  
  24  2:48  Queen  
  26  2:56  Zergling x2  
  27  3:02  Zergling x4  
  27  3:04  Zergling x2  
  30  3:06  Zergling x2  
  31  3:31  Drone  
  31  3:32  Drone x4  
  36  3:36  Baneling x3  
  36  3:37  Baneling  
  36  3:55  Overlord  
  30  5:01  Lair  
  30  5:06  Hatchery, Overlord x2  
  29  5:07  Drone  
  29  5:08  Drone x4  
  29  5:13  Roach Warren  
  33  5:17  Hatchery  
  33  5:19  Drone x2  
  33  5:20  Drone x3  
  33  5:21  Zergling x4  
  39  5:28  Zergling x4  
  39  5:29  Zergling x2  
  42  5:55  Baneling x4  
  42  6:01  Evolution Chamber  
  42  6:03  Drone x3  
  44  6:04  Evolution Chamber, Hydralisk Den  
  44  6:05  Drone  
  44  6:07  Drone x4  
  44  6:08  Roach  
  44  6:09  Roach x5  
  57  6:41  Queen  
  56  6:52  Overlord  
  56  6:53  Overlord  
  56  7:04  Lurker Den  
  56  7:05  Overlord  
  56  7:06  Overlord  
  56  7:10  Zerg Ground Armor Level 1  
  56  7:11  Zerg Missile Weapons Level 1  
  56  7:12  Hydralisk Den  
  55  7:22  Extractor  
  55  7:23  Extractor  
  55  7:24  Zergling x6  
  55  7:25  Zergling x2  
  58  7:31  Drone x6  
  58  7:32  Drone x12  
  58  7:34  Overlord x2  
  76  7:53  Drone  
  76  7:54  Drone x2  
  76  7:55  Drone x2  
  76  7:58  Drone x3  
  84  8:02  Extractor  
  84  8:03  Drone x3, Extractor  
  85  8:16  Queen  
  85  8:18  Overlord x4  
  87  8:20  Hydralisk x2  
  87  8:21  Hydralisk x2  
  87  8:22  Hydralisk  
  97  8:32  Spore Crawler  
  97  8:34  Spore Crawler, Spine Crawler  
  94  8:35  Spine Crawler  
  94  8:38  Spine Crawler  
  94  8:39  Drone x4  
  89  8:48  Hydralisk x2  
  89  8:49  Roach  
  89  8:50  Roach  
  79  9:20  Queen  
  81  9:27  Overseer  
  81  10:02  Spore Crawler, Spine Crawler  
  81  10:04  Spine Crawler  
  81  10:06  Drone x2  
  81  10:07  Drone x4  
  81  10:08  Drone x4  
  81  10:10  Lurker x5  
  81  10:11  Hydralisk x4  
  81  10:12  Hydralisk x2, Roach x6  
  117  10:24  Drone  
  117  10:25  Drone x2  
  117  10:26  Overlord x2  
  120  10:30  Drone  
  121  10:39  Overseer  
  121  10:41  Zerg Missile Weapons Level 2  
  121  10:42  Zerg Ground Armor Level 2  
  115  11:08  Hatchery  
  114  11:12  Hydralisk x4  
  114  11:13  Roach x5  
  132  11:22  Overseer x3  
  132  11:39  Lurker x3  
  124  11:42  Zergling x2  
  124  11:43  Zergling x26  
  82  12:40  Zergling x4  
  82  12:45  Drone x2  
  82  12:46  Drone x7  
  82  12:47  Drone x2  
  82  12:49  Drone  
  91  13:03  Hatchery  
  90  13:14  Drone x3  
  90  13:17  Spire  
  92  13:21  Extractor  
  91  13:38  Extractor  
  92  13:42  Hatchery  
  91  13:50  Drone  
  91  13:51  Spore Crawler, Spine Crawler, Drone x2  
  91  13:54  Overlord x3  
  92  14:03  Spore Crawler  
  91  14:17  Hydralisk x5, Roach  
  91  14:18  Hydralisk x6, Roach x6  
  91  14:19  Hydralisk x5, Roach x7  
  91  14:20  Roach x2  
  155  14:32  Hatchery  
  155  14:33  Zerg Melee Weapons Level 1  
  154  14:40  Infestation Pit  
  153  14:46  Mutalisk x4  
  153  14:47  Mutalisk x6  
  173  14:53  Overlord  
  173  14:54  Overlord x2  
  173  15:09  Queen  
  169  15:23  Extractor  
  169  15:26  Extractor  
  105  16:09  Queen  
  93  16:18  Hatchery  
  90  16:21  Drone x3  
  90  16:22  Drone x3, Hydralisk  
  90  16:23  Hydralisk x5, Roach x3  
  90  16:24  Hydralisk, Roach x6  
Tags
 
Add a new tag
Caveats
  • Supply blocks, unpowered buildings, or Contaminate may cause inaccurate times.
  • Supply counts are checked every 10 seconds.